 Dungeon Crawl Stone Soup version 0.29.1-1-gd02db6906a (webtiles) character file.

Game seed: 8425356700321005800

27 Kold the Cudgeller (level 2, -1/24 HPs)
             Began as a Demonspawn Monk on Oct 19, 2022.
             Slain by a scorpion (3 damage)
             ... on level 4 of the Dungeon.
             The game lasted 00:01:08 (1354 turns).

Kold the Cudgeller (Demonspawn Monk)                Turns: 1354, Time: 00:01:09

Health: -1/24      AC:  5    Str: 11    XL:     2   Next: 93%
Magic:  2/2        EV: 13    Int: 11    God:
Gold:   40         SH:  0    Dex: 15    Spells: 1/1 levels left

rFire   . . .      SeeInvis +   a - +0 mace
rCold   . . .      Faith    .   (no shield)
rNeg    . . .      Spirit   .   b - +0 robe
rPois   .          Reflect  .   (no helmet)
rElec   .          Harm     .   d - +2 cloak
rCorr   .          Rampage  .   (no gloves)
Will    .....                   (no boots)
Stlth   ++........              (no amulet)
HPRegen 0.08/turn               m - ring of see invisible
MPRegen 0.08/turn               (no ring)

@: lethally poisoned (-1 -> -2)
A: demonic magic 1
a: no special abilities


You were on level 4 of the Dungeon.
You visited 1 branch of the dungeon, and saw 3 of its levels.

You collected 40 gold pieces.

Inventory:

Hand Weapons
 a - a +0 mace (weapon)
Armour
 b - a +0 robe (worn)
 d - a +2 cloak (worn)
Jewellery
 m - a ring of see invisible (left hand)
Scrolls
 f - 2 scrolls of identify {unknown}
 g - 2 scrolls of vulnerability {unknown}
 h - a scroll of fog {unknown}
 i - a scroll of enchant armour {unknown}
 j - a scroll of enchant weapon {unknown}
 k - a scroll of teleportation {unknown}
 n - a scroll of blinking {unknown}
Potions
 c - a potion of ambrosia
 e - a potion of heal wounds {unknown}
 l - a potion of attraction {unknown}


   Skills:
 - Level 3.0 Fighting
 + Level 3.5 Maces & Flails
 - Level 3.0 Dodging
 - Level 1.8 Stealth


You had one spell level left.
You didn't know any spells.
Your spell library contained the following spells:

 Spells                   Type           Power      Damage    Failure   Level
 Magic Dart               Conj           0%         1d3       34%         1
 Call Imp                 Summ           0%         N/A       47%         2
 Mephitic Cloud           Conj/Pois/Air  0%         N/A       71%         3


Dungeon Overview and Level Annotations

Branches:
Dungeon (2/15)

Altars:


Innate Abilities, Weirdness & Mutations

Spells you cast may paralyse adjacent enemies.


Message History

The scorpion is lightly wounded.
The scorpion barely misses you.
You hit the scorpion but do no damage.
The scorpion is lightly wounded.
The scorpion stings you. x2
You barely miss the scorpion.
The scorpion is lightly wounded.
The scorpion barely misses you.
You hit the scorpion.
The scorpion is lightly wounded.
The scorpion barely misses you. The scorpion stings you.
You are poisoned.
The scorpion poisons you!
You are too injured to fight recklessly!
You are too injured to fight recklessly!
You are too injured to fight recklessly!
You are too injured to fight recklessly!
You are too injured to fight recklessly!
You are too injured to fight recklessly!
You are too injured to fight recklessly!
You are too injured to fight recklessly!
You hit the scorpion but do no damage.
The scorpion is lightly wounded.
* * * LOW HITPOINT WARNING * * *
You feel very sick. The scorpion misses you.
You closely miss the scorpion.
The scorpion is lightly wounded.
You feel sick. The scorpion misses you.
You hit the scorpion.
The scorpion is lightly wounded.
You feel sick. The scorpion closely misses you. x2
You sock the scorpion!
The scorpion is severely wounded.
* * * LOW HITPOINT WARNING * * *
You feel sick. The scorpion closely misses you.
You hit the scorpion.
The scorpion is almost dead.
You feel sick. The scorpion closely misses you. The scorpion stings you.
You die...

#.#.####.# #
##......#.##.#...#.
......#.#..........
#.....####...#
#.#.### ...# #
#.######.!.####
#..............
#..............
#......@.......
######.#s..#.##
#.#...# #.#...#
#.#...# #......
..g.)... ##....#.#


You could see a scorpion.

Vanquished Creatures
  A dart slug (D:1)
  2 endoplasms
  4 giant cockroaches (D:1)
  4 goblins
  A hobgoblin (D:1)
  A kobold (D:1)
  2 quokkas (D:1)
  A ball python (D:1)
  3 bats (D:1)
  2 frilled lizards (D:1)
  A rat (D:1)
22 creatures vanquished.

Notes
Turn   | Place    | Note
-------+----------+-------------------------------------------
     0 | D:1      | Kold the Demonspawn Monk began the quest for the Orb.
     0 | D:1      | Reached XP level 1. HP: 18/18 MP: 1/1
   406 | D:1      | Gained mutation: Spells you cast may paralyse adjacent
                  | enemies. [demonic ancestry]
   406 | D:1      | Reached XP level 2. HP: 23/24 MP: 2/2
  1327 | D:2      | You fall into a shaft and drop 2 floors!
  1339 | D:4      | Noticed a scorpion
  1354 | D:4      | Slain by a scorpion

Illustrated notes

Levels and vault maps discovered:
D:1:      dpeg_arrival_brainrot, layout_basic
D:2:      layout_rooms, dreamdust_ecumenical_altar_angels_and_demons
D:4:      layout_loops_cross, grunt_temple_overflow_open

Skill      XL: |  1  2 |
---------------+-------+-----
Dodging        | 3 |  3.0
Maces & Flails | 3 |  3.5
Fighting       | |  3.0
Stealth        | |  1.8

Action                   || total
-------------------------++-------
Melee: Mace              ||    98
Armor: Robe              ||    51
Dodge: Dodged            ||   102
